 Dungeon Crawl Stone Soup version 0.30.1 (webtiles) character file.

Game seed: 15971319706564960030

72 H0rd4k the Charlatan (level 4, -4/28 HPs)
             Began as an Octopode Artificer on July 10, 2023.
             Slain by Terence
             ... wielding a +6 short sword of flaming
              (13 damage)
             ... on level 2 of the Dungeon.
             The game lasted 00:01:00 (1319 turns).

H0rd4k the Charlatan (Octopode Artificer)           Turns: 1319, Time: 00:01:01

Health: -4/28      AC:  1    Str: 11    XL:     4   Next: 26%
Magic:  4/4        EV: 13    Int: 15    God:
Gold:   133        SH:  0    Dex: 12    Spells: 3/3 levels left

rFire   . .          .
                       - Unarmed
rCold   . . .        (no shield)
rNeg    . . .        (helmet restricted)
rPois   .            (no amulet)
rElec   .            (no ring)
rCorr   .            (no ring)
SInv    .            (no ring)
Will    .....        (no ring)
Stlth   +++          (no ring)
HPRegen 0.24/turn    (no ring)
MPRegen 0.09/turn    (no ring)
                     (no ring)

%: no passive effects
@: no status effects
A: almost no armour, amphibious, 8 rings, camouflage 1, gelatinous body 1,
(nimble swimmer 1), tentacles
a: no special abilities


You were on level 2 of the Dungeon.
You visited 1 branch of the dungeon, and saw 2 of its levels.

You collected 133 gold pieces.

Inventory:

Wands
 b - a wand of flame (15) (quivered)
 c - a wand of charming (15)
 d - a wand of iceblast (5)
 l - a wand of light (11)
Scrolls
 a - a scroll of acquirement {unknown}
 e - a scroll of blinking {unknown}
 f - 2 scrolls of identify {unknown}
 i - a scroll of brand weapon {unknown}
 k - a scroll of amnesia {unknown}
 m - a scroll of teleportation {unknown}
 n - a scroll of enchant armour {unknown}
Potions
 g - a potion of attraction {unknown}
 h - a potion of curing {unknown}
 j - 2 potions of might {unknown}


   Skills:
 + Level 1.1 Fighting
 + Level 2.8 Dodging
 + Level 3.3 Stealth
 + Level 1.8 Unarmed Combat
 + Level 3.8 Evocations


You had 3 spell levels left.
You didn't know any spells.
Your spell library contained the following spells:

 Spells                   Type           Power      Damage    Failure   Level
 Poisonous Vapours        Pois/Air       0%         N/A       38%         2
 Mephitic Cloud           Conj/Pois/Air  0%         N/A       63%         3
 Freezing Cloud           Conj/Ice/Air   0%         6-21      100%        5


Dungeon Overview and Level Annotations

Branches:
Dungeon (2/15)

Altars:

Annotations:
D:2 Terence


Innate Abilities, Weirdness & Mutations

You cannot wear most types of armour.
You are amphibious.
You can wear up to eight rings at the same time.
Your skin changes colour to match your surroundings (Stealth+).
Your rubbery body absorbs attacks. (AC +1, EV +1)
((You are camouflaged when in or above water. (Stealth+)))
You have tentacles for arms and can constrict up to eight enemies at once.


Message History

Found a robe.
A bat is nearby!
A bat is nearby!
A bat is nearby!
The helpless bat fails to defend itself.
You tentacle-slap the bat. You grab the bat. Your squeeze misses the bat.
The bat is severely wounded.
You constrict the bat.
You kill the bat!
No target in view!
No target in view!
You now have 119 gold pieces (gained 3).
You now have 125 gold pieces (gained 6).
Found a hand axe.
No target in view!
You now have 133 gold pieces (gained 8).
You see here a +0 hand axe.
You open the door.
There is an open door here.
Found a stone staircase leading up.
No target in view!
There is a stone staircase leading up here.
Terence the Incautious comes into view.
He is wielding a +6 short sword of flaming.
Found a scroll labelled SANOTAU JIMA.
Terence is nearby!
Terence shouts!
Terence says, "Don't bother to defend, it's senseless."
Terence hits you with a +6 short sword of flaming!
Terence burns you.
Terence is nearby!
You tentacle-slap Terence but do no damage.
Your grab misses Terence.
Terence hits you with a +6 short sword of flaming!
Terence burns you.
You tentacle-slap Terence but do no damage.
Your grab misses Terence. You squeeze Terence, but do no damage.
Terence barely misses you. Terence attacks as you move away!
Terence hits you with a +6 short sword of flaming!
You die...

#.#...##....
#.#[....#.##
#....##.#.##
#...........
########...###....
#...........<.....
#.########.#.##.##
#.# #.#..#.# #@#
#.#..#.# #@#
#.##.#.# #?#
#....#.# #.#
######.# #.. ..#
### ###


You could see Terence.

Vanquished Creatures
  Jessica (D:2)
  2 dart slugs
  3 endoplasms (D:1)
  3 giant cockroaches
  5 goblins
  2 hobgoblins (D:1)
  5 jackals
  2 quokkas (D:1)
  5 ball pythons
  5 bats
  2 frilled lizards
  2 kobolds (D:1)
  3 rats (D:1)
40 creatures vanquished.

Notes
Turn   | Place    | Note
-------+----------+-------------------------------------------
     0 | D:1      | H0rd4k the Octopode Artificer began the quest for the Orb.
     0 | D:1      | Reached XP level 1. HP: 13/13 MP: 1/1
   174 | D:1      | Found a faded altar of an unknown god.
   175 | D:1      | Noticed a golden eye
   181 | D:1      | Noticed a shining eye
   184 | D:1      | Noticed a shining eye
   184 | D:1      | Noticed a floating eye
   328 | D:1      | Reached XP level 2. HP: 18/18 MP: 2/2
   544 | D:1      | Reached skill level 1 in Unarmed Combat
   544 | D:1      | Reached XP level 3. HP: 20/23 MP: 3/3
  1100 | D:2      | Noticed Jessica
  1104 | D:2      | Killed Jessica
  1105 | D:2      | Reached XP level 4. HP: 28/28 MP: 4/4
  1313 | D:2      | Noticed Terence
  1319 | D:2      | Slain by Terence

Illustrated notes

Levels and vault maps discovered:
D:1:      roderic_chinese_lattice_arrival, layout_loops_cross,
          hellmonk_ecumenical_altar_watching_god
D:2:      layout_basic, minmay_misc_feat_iff, uniq_jessica, uniq_terence

Skill      XL: |  1  2  3 |
---------------+----------+-----
Stealth        | 2 3 |  3.3
Unarmed Combat | 1 |  1.8
Fighting       | |  1.1
Dodging        | |  2.8
Evocations     | |  3.8

Action                     |  1- 3 |  4- 6 || total
---------------------------+-------+-------++-------
  Melee: Unarmed           |    81 |    11 ||    92
         Constrict         |    26 |     4 ||    30
         Tentacles         |    16 |     3 ||    19
         Punch             |     1 |       ||     1
   Stab: Sleeping          |    10 |     2 ||    12
 Armour: Skin              |     7 |       ||     7
  Dodge: Dodged            |    43 |     4 ||    47
